[Event "Titled Tuesday Blitz May 24 Late 2022"]
[White "Sjugirov, Sanan"]
[Black "Vasquez Schroeder, Rodrigo"]
[WhiteFideId "4189302"]
[BlackFideId "3400042"]
[WhiteElo "2602"]
[BlackElo "2567"]
[Result "0-1"]
[Round "08"]
[TimeControl "180+1"]
[Date "2022.05.24"]
[WhiteClock "0:00:06"]
[BlackClock "0:00:28"]

1. e4 c5 2. Nc3 a6 3. Nge2 d6 4. g3 Nc6 5. Bg2 g6 6. d4 cxd4 7. Nxd4 Bd7 8. O-O Bg7 9. Nde2 Nf6 10. h3 O-O 11. Be3 b5 12. Nd5 Rb8 13. c3 Ne5 14. Nxf6+ Bxf6 15. Bd4 Be6 16. b3 Bg7 17. f4 Nc6 18. Bxg7 Kxg7 19. Kh2 Rc8 20. Qd2 f6 21. Nd4 Nxd4 22. cxd4 Qb6 23. Rae1 Qc7 24. d5 Bd7 25. Rc1 Qb6 26. Rce1 Qc7 27. e5 dxe5 28. fxe5 fxe5 29. Qg5 Rxf1 30. Bxf1 Qd6 31. Rxe5 Rc2+ 32. Bg2 Kf7 33. Qf4+ Qf6 34. Qe3 h5 35. Re4 Bf5 36. Rf4 Qb2 37. Qf3 Qe5 38. a4 Kg7 39. axb5 axb5 40. h4 Rd2 41. Qf1 Qxd5 42. Rf2 Rxf2 43. Qa1+ Kf7 0-1


[Site "https://www.chess.com"]

[Event "Titled Tuesday Blitz May 24 Late 2022"]
[White "Skliarov, Viktor"]
[Black "Nozdrachev, Leonid"]
[WhiteFideId "14106736"]
[BlackFideId "24113433"]
[WhiteElo "2229"]
[BlackElo "2255"]
[Result "0-1"]
[Round "08"]
[TimeControl "180+1"]
[Date "2022.05.24"]
[WhiteClock "0:00:08"]
[BlackClock "0:01:02"]

1. e4 d5 2. exd5 Qxd5 3. Nc3 Qe5+ 4. Nge2 Nf6 5. d4 Qa5 6. g3 Bg4 7. Bg2 c6 8. O-O Qh5 9. f3 Bc8 10. Nf4 Qa5 11. d5 cxd5 12. Nfxd5 Be6 13. b4 Qd8 14. Nxf6+ exf6 15. Qxd8+ Kxd8 16. Rd1+ Nd7 17. a3 Rc8 18. Bb2 Kc7 19. Nb5+ Kb8 20. Nd4 Nb6 21. Nxe6 fxe6 22. c3 Na4 23. Rab1 Be7 24. Rd7 Rc7 25. Rxc7 Kxc7 26. c4 Rd8 27. Bc1 Rd1+ 28. Kf2 Bd6 29. Ke2 Nc3+ 30. Kf2 Nxb1 31. Be3 0-1


[Site "https://www.chess.com"]

[Event "Titled Tuesday Blitz May 24 Late 2022"]
[White "Steinberg, Nitzan"]
[Black "Bluebaum, Matthias"]
[WhiteFideId "2801795"]
[BlackFideId "24651516"]
[WhiteElo "2471"]
[BlackElo "2556"]
[Result "0-1"]
[Round "08"]
[TimeControl "180+1"]
[Date "2022.05.24"]
[WhiteClock "0:01:14"]
[BlackClock "0:00:36"]

1. e4 c6 2. Nf3 d5 3. Nc3 dxe4 4. Nxe4 Nf6 5. Qe2 Nxe4 6. Qxe4 Qa5 7. Qf4 Qf5 8. Qe3 Qe6 9. b3 Qxe3+ 10. fxe3 Bf5 11. Bb2 Nd7 12. O-O-O a5 13. a4 f6 14. h3 e5 15. d4 exd4 16. Nxd4 Be4 17. Ne6 Rc8 18. Bc3 b6 19. Ba6 Rb8 20. Bc4 Nc5 21. Rd4 Bf5 22. Nc7+ Ke7 23. g4 Bc8 24. Rhd1 Rb7 25. Na6 Ne6 26. Re4 Kf7 27. Rd8 Ba3+ 0-1


[Site "https://www.chess.com"]

[Event "Titled Tuesday Blitz May 24 Late 2022"]
[White "Stevens, Christian"]
[Black "Silva, Pedro Gil Ferreira Da"]
[WhiteFideId "2604450"]
[BlackFideId "1946102"]
[WhiteElo "2544"]
[BlackElo "1863"]
[Result "1-0"]
[Round "08"]
[TimeControl "180+1"]
[Date "2022.05.25"]
[WhiteClock "0:01:04"]
[BlackClock "0:01:09"]

1. d4 Nf6 2. c4 e6 3. Nc3 Bb4 4. e3 b6 5. Nf3 Bb7 6. Bd3 O-O 7. O-O d6 8. Qe2 Bxc3 9. bxc3 Nbd7 10. e4 e5 11. Nh4 Re8 12. d5 Nc5 13. Nf5 Bc8 14. Bc2 Bxf5 15. exf5 a5 16. g4 e4 17. g5 Nfd7 18. f6 gxf6 19. Kh1 f5 20. Qh5 Ne5 21. Be3 Qe7 22. f3 exf3 23. Bxf5 Ng6 24. Rxf3 Ne4 25. Rh3 f6 26. Bxg6 hxg6 27. Qh8+ 1-0


[Site "https://www.chess.com"]

[Event "Titled Tuesday Blitz May 24 Late 2022"]
[White "Stojanovski, Sandi"]
[Black "Wachinger, Guenther"]
[WhiteFideId "1403249"]
[BlackFideId "4604261"]
[WhiteElo "2341"]
[BlackElo "2212"]
[Result "0-1"]
[Round "08"]
[TimeControl "180+1"]
[Date "2022.05.25"]
[WhiteClock "0:00:01"]
[BlackClock "0:00:11"]

1. d3 g6 2. Nf3 Bg7 3. g3 d5 4. Bg2 Nf6 5. O-O O-O 6. c4 c6 7. cxd5 cxd5 8. Nc3 Nc6 9. Bf4 a6 10. Ne5 Re8 11. Nxc6 bxc6 12. Be5 Nd7 13. Bxg7 Kxg7 14. Rc1 e6 15. Na4 Bb7 16. Nc5 Nxc5 17. Rxc5 Qb6 18. Qc2 e5 19. Rc1 Re6 20. Qc3 f6 21. b4 Rd8 22. e3 Rdd6 23. d4 e4 24. Ra5 f5 25. Bf1 g5 26. Qa3 f4 27. Bxa6 Bxa6 28. Rxa6 Qb5 29. Ra7+ Kg6 30. exf4 gxf4 31. Qa6 Qxb4 32. Qe2 f3 33. Qe3 Rf6 34. h4 h6 35. Rc7 Qb8 36. Re7 Qc8 37. Qe1 Qg4 38. Re5 Rde6 39. Rxe6 Rxe6 40. a4 e3 41. Qf1 e2 42. h5+ Qxh5 43. Qe1 Qh3 0-1


[Site "https://www.chess.com"]

[Event "Titled Tuesday Blitz May 24 Late 2022"]
[White "Sydoryka, Vladyslav"]
[Black "Zakhartsov, Vladimir"]
[WhiteFideId "14145928"]
[BlackFideId "4145097"]
[WhiteElo "2283"]
[BlackElo "2428"]
[Result "1-0"]
[Round "08"]
[TimeControl "180+1"]
[Date "2022.05.24"]
[WhiteClock "0:00:21"]
[BlackClock "0:00:02"]

1. d4 Nf6 2. c4 e6 3. g3 c5 4. Nf3 cxd4 5. Nxd4 Nc6 6. Nc3 Bc5 7. Nb3 Bb4 8. Bg2 Na5 9. Qd3 Nxb3 10. axb3 O-O 11. O-O d6 12. Rd1 a6 13. Ra4 a5 14. Ra1 Nd7 15. Nb5 Ra6 16. Bd2 Nc5 17. Qc2 Qe7 18. Bxb4 axb4 19. Rxa6 bxa6 20. Nxd6 Rd8 21. Ne4 Rf8 22. Nxc5 Qxc5 23. Qd2 Qe5 24. Qxb4 Qxe2 25. Qd2 Qe5 26. Qc3 Qc7 27. c5 Bd7 28. c6 Bc8 29. Qc5 Rd8 30. Rxd8+ Qxd8 31. Bf3 Qc7 32. b4 f6 33. Be2 Kf7 34. b5 axb5 35. Bxb5 e5 36. Bc4+ Kg6 37. b4 Bh3 38. Bf1 Bg4 39. Kg2 Qd8 40. h3 Bf5 41. c7 Qc8 42. Kh2 Be4 43. b5 Bb7 44. b6 Qf5 45. Bg2 Qc8 46. Bxb7 Qxb7 47. c8=Q Qf3 48. Qc2+ e4 49. Qg4+ 1-0


[Site "https://www.chess.com"]

[Event "Titled Tuesday Blitz May 24 Late 2022"]
[White "Szente Varga, Fruzsina"]
[Black "Mekhitarian, Krikor Sevag"]
[WhiteFideId "712264"]
[BlackFideId "2107660"]
[WhiteElo "1994"]
[BlackElo "2598"]
[Result "0-1"]
[Round "08"]
[TimeControl "180+1"]
[Date "2022.05.24"]
[WhiteClock "0:00:17"]
[BlackClock "0:00:55"]

1. e4 e5 2. Nf3 Nf6 3. Nc3 Nc6 4. d4 exd4 5. Nxd4 Bb4 6. Nxc6 bxc6 7. Bd3 O-O 8. O-O Re8 9. Bg5 h6 10. Bxf6 Qxf6 11. Qd2 Rb8 12. Rab1 d6 13. a3 Ba5 14. b4 Bb6 15. Na4 Bd7 16. c4 Bd4 17. Rfd1 c5 18. b5 a6 19. Rb3 axb5 20. cxb5 Be6 21. Rbb1 Ra8 22. Bc2 Bd7 23. Rf1 h5 24. Kh1 Reb8 25. Qd3 g6 26. f4 Qe7 27. f5 Be5 28. fxg6 fxg6 29. Qc4+ Be6 30. Qd3 Kg7 31. b6 c6 32. Qe2 Qh4 33. g3 Bxg3 34. Rg1 Be5 35. Rg2 Rf8 36. Rbg1 Bg4 37. Qc4 Bf3 0-1


[Site "https://www.chess.com"]

[Event "Titled Tuesday Blitz May 24 Late 2022"]
[White "Tanenbaum, Zachary"]
[Black "Skytte, Rasmus"]
[WhiteFideId "2060850"]
[BlackFideId "1404210"]
[WhiteElo "2673"]
[BlackElo "1896"]
[Result "1-0"]
[Round "08"]
[TimeControl "180+1"]
[Date "2022.05.25"]
[WhiteClock "0:00:05"]
[BlackClock "0:00:01"]

1. e4 c5 2. Nf3 Nc6 3. Nc3 e6 4. d4 cxd4 5. Nxd4 Qc7 6. g3 a6 7. Bg2 Nf6 8. O-O h5 9. Re1 Nxd4 10. Qxd4 Bc5 11. Bf4 d6 12. Qd2 e5 13. Be3 Be6 14. Rad1 Rd8 15. Bxc5 Qxc5 16. Re3 h4 17. Rd3 hxg3 18. hxg3 Ng4 19. Nd5 Bxd5 20. Rxd5 Qb6 21. Bf3 Nf6 22. Rxd6 Rxd6 23. Qxd6 Qxd6 24. Rxd6 Ke7 25. Rb6 Rb8 26. Rb3 b6 27. Be2 Nxe4 28. Re3 f5 29. Bxa6 Kf6 30. a4 g5 31. b4 g4 32. Be2 Ng5 33. Rc3 e4 34. Kg2 Ke5 35. Rb3 Rd8 36. a5 bxa5 37. bxa5 Nf3 38. a6 Ne1+ 39. Kf1 Nxc2 40. a7 Ra8 41. Rb5+ Kd4 42. Ra5 Nb4 43. Bb5 Kc3 44. Bd7 e3 45. fxe3 Rd8 46. Bxf5 Rd1+ 47. Ke2 Rd2+ 48. Ke1 1-0


[Site "https://www.chess.com"]

[Event "Titled Tuesday Blitz May 24 Late 2022"]
[White "Terry, Renato"]
[Black "Drygalov, Sergey"]
[WhiteFideId "3803457"]
[BlackFideId "24171743"]
[WhiteElo "2577"]
[BlackElo "2514"]
[Result "1/2-1/2"]
[Round "08"]
[TimeControl "180+1"]
[Date "2022.05.24"]
[WhiteClock "0:00:32"]
[BlackClock "0:00:16"]

1. d4 Nf6 2. Nf3 e6 3. c4 d5 4. e3 c6 5. b3 Nbd7 6. Bd3 Bd6 7. Bb2 O-O 8. O-O b6 9. Nbd2 Bb7 10. e4 dxe4 11. Nxe4 Nxe4 12. Bxe4 f5 13. Bc2 c5 14. Re1 Re8 15. dxc5 Bxc5 16. Qe2 Nf6 17. Rad1 Qe7 18. Bd4 Bb4 19. Rf1 Rad8 20. Ne5 Bc5 21. Qe3 Bxd4 22. Rxd4 Rxd4 23. Qxd4 Rd8 24. Qe3 Qd6 25. f3 Qd2 26. Qxd2 Rxd2 27. Rf2 Rd4 28. Re2 g5 29. Kf2 h5 30. Ke3 Rd6 31. Rd2 Rxd2 32. Kxd2 Kf8 33. Ke3 h4 34. Kd4 Ke7 35. Bd3 Nh5 36. b4 Nf4 37. Bf1 a5 38. bxa5 bxa5 39. c5 Bd5 40. a3 g4 41. fxg4 fxg4 42. Ke3 Nxg2+ 43. Bxg2 Bxg2 44. Nxg4 e5 45. Nxe5 Ke6 46. Ng6 Bh1 47. Kd4 Kf6 48. Ne5 Ke6 49. Ng6 Kf6 50. Nxh4 Kg5 51. Ke5 Kxh4 52. Kd6 Kh3 53. c6 Kxh2 54. Kd7 Kg3 55. c7 Bb7 56. c8=Q Bxc8+ 57. Kxc8 Kf4 58. Kb7 Ke5 59. Ka6 Kd6 60. Kxa5 Kc7 61. Ka6 Kb8 62. Kb6 Ka8 63. a4 Kb8 64. a5 Ka8 65. a6 Kb8 66. a7+ Ka8 67. Ka6 1/2-1/2


[Site "https://www.chess.com"]

[Event "Titled Tuesday Blitz May 24 Late 2022"]
[White "Tristan, Leonardo"]
[Black "Ibarra Jerez, Jose Carlos"]
[WhiteFideId "113816"]
[BlackFideId "2226332"]
[WhiteElo "2404"]
[BlackElo "2626"]
[Result "1-0"]
[Round "08"]
[TimeControl "180+1"]
[Date "2022.05.24"]
[WhiteClock "0:00:06"]
[BlackClock "0:00:09"]

1. d4 Nf6 2. Nf3 g6 3. Bf4 d6 4. e3 Bg7 5. Be2 O-O 6. O-O c5 7. c3 Be6 8. Nbd2 Qb6 9. e4 cxd4 10. Nxd4 Bc8 11. Nc4 Qd8 12. e5 Nd5 13. Bg3 dxe5 14. Nxe5 e6 15. Qb3 f5 16. f4 g5 17. Bf3 gxf4 18. Bxd5 exd5 19. Bxf4 Na6 20. Nd3 Qb6 21. Be5 Qxb3 22. axb3 Bxe5 23. Nxe5 Nc5 24. Rf3 Re8 25. Nd3 b6 26. Nxc5 bxc5 27. Nxf5 Re2 28. Rg3+ Kh8 29. Nh6 Be6 30. Rf1 d4 31. c4 Rxb2 32. Rf6 Bg8 33. Rf7 Rb1+ 34. Kf2 Re8 35. Re7 Rb2+ 36. Kf1 Rb1+ 37. Kf2 Rf8+ 38. Ke2 Rb2+ 39. Ke1 Rb1+ 40. Ke2 Rb2+ 41. Ke1 a5 42. Rf3 Rb1+ 43. Kd2 Rb2+ 44. Kc1 Rxf3 45. gxf3 Rg2 46. Rc7 Rg6 47. Nxg8 Kxg8 48. Rxc5 Rg2 49. Rxa5 Rxh2 50. Rd5 h5 51. c5 Kf7 52. c6 d3 53. Rxd3 Rh1+ 54. Kb2 Rh2+ 55. Kc3 Rh1 56. Rd2 Re1 57. c7 Re3+ 58. Kb4 Re7 59. c8=Q Re4+ 60. Qc4+ Kf6 61. Qxe4 Kg5 62. Rd5+ Kh6 63. Rxh5+ Kg7 64. Qg4+ Kf8 65. Rf5+ Ke7 66. Qe4+ Kd8 67. Rd5+ Kc7 68. Qc4+ Kb6 69. Rb5+ 1-0


[Site "https://www.chess.com"]

[Event "Titled Tuesday Blitz May 24 Late 2022"]
[White "Turutin, Alexander"]
[Black "Aung Thant Zin"]
[WhiteFideId "4180623"]
[BlackFideId "13000063"]
[WhiteElo "2402"]
[BlackElo "2278"]
[Result "1-0"]
[Round "08"]
[TimeControl "180+1"]
[Date "2022.05.25"]
[WhiteClock "0:00:23"]
[BlackClock "0:00:23"]

1. g3 d5 2. Bg2 e6 3. d4 Nf6 4. c4 c5 5. cxd5 Nxd5 6. Nc3 cxd4 7. Nxd5 exd5 8. Nf3 Nc6 9. Nxd4 Bb4+ 10. Bd2 Qa5 11. Nb3 Bxd2+ 12. Qxd2 Qxd2+ 13. Kxd2 Be6 14. Rhd1 O-O-O 15. Rac1 Kb8 16. Ke1 Rhe8 17. Nd4 Ne5 18. b3 Bg4 19. Kf1 Nc6 20. Rc2 Nb4 21. Rcd2 Be6 22. a3 Nc6 23. h3 Kc7 24. b4 a6 25. Nb3 Ne7 26. Nc5 a5 27. b5 Kb6 28. Nd3 Kxb5 29. Rb1+ Kc6 30. Rc2+ Kd6 31. Rxb7 Rb8 32. Ra7 Rb1+ 33. Rc1 Rxc1+ 34. Nxc1 Rb8 35. Ke1 Rb2 36. Nd3 Ra2 37. Rxa5 Nc6 38. Ra6 Kc7 39. Rxc6+ Kxc6 40. Nb4+ Kb5 41. Nxa2 Ka4 42. Nb4 Kxa3 43. Nxd5 Kb3 44. Kd2 g6 45. Nf4 h5 46. Nxe6 fxe6 47. Kd3 Kb4 48. Kd4 Kb5 49. Ke5 Kb4 50. Kxe6 Kc3 51. Kf6 Kd2 52. Kxg6 Kxe2 53. Kxh5 Kxf2 54. g4 Kg3 55. g5 Kxg2 56. h4 Kh3 57. g6 Kh2 58. g7 Kh3 59. g8=Q Kh2 60. Kg4 Kh1 61. Kf3 Kh2 62. Qg2# 1-0


[Site "https://www.chess.com"]

[Event "Titled Tuesday Blitz May 24 Late 2022"]
[White "Vajda, Levente"]
[Black "Svane, Rasmus"]
[WhiteFideId "1203975"]
[BlackFideId "4657101"]
[WhiteElo "2573"]
[BlackElo "2674"]
[Result "1-0"]
[Round "08"]
[TimeControl "180+1"]
[Date "2022.05.24"]
[WhiteClock "0:00:05"]
[BlackClock "0:00:05"]

1. e4 c6 2. d4 d5 3. exd5 cxd5 4. c4 Nf6 5. Nc3 Nc6 6. Nf3 a6 7. cxd5 Nxd5 8. Bd3 g6 9. O-O Bg7 10. h3 O-O 11. Re1 Ndb4 12. Be4 Nxd4 13. a3 Nbc6 14. Bg5 h6 15. Bh4 g5 16. Nxg5 hxg5 17. Bxg5 Ne6 18. Qh5 Nxg5 19. Qxg5 f5 20. Bxc6 bxc6 21. Rxe7 Qd4 22. Rae1 Ra7 23. Rd1 Qxd1+ 24. Nxd1 Rxe7 25. Qxe7 f4 26. Nc3 f3 27. gxf3 Bxh3 28. Qc7 Rxf3 29. Qxc6 Rf6 30. Qa8+ Kh7 31. f3 Rg6+ 32. Kf2 Bd4+ 33. Ke2 Bf5 34. Ne4 Bxb2 35. Qb7+ Bg7 36. a4 Re6 37. Ke3 Kg6 38. a5 Bh6+ 39. Kd3 Bg7 40. Qd5 Re5 41. Qa2 Rb5 42. Ke3 Bh6+ 43. Kf2 Bf4 44. Qc2 Re5 45. Qc6+ Re6 46. Qa8 Be5 47. Qg8+ Bg7 48. Qb8 Rc6 49. Qg3+ Kf7 50. Ng5+ Kg8 51. Ne4 Rg6 52. Qb8+ Kh7 53. Qh2+ Bh6 54. Qc7+ Rg7 55. Qd6 Rg6 56. Qe5 Bxe4 57. Qxe4 Bg7 58. f4 Kh6 59. Qh1# 1-0


[Site "https://www.chess.com"]

[Event "Titled Tuesday Blitz May 24 Late 2022"]
[White "Vivas Zamora, Fabian Ernesto"]
[Black "Olafsson, Helgi"]
[WhiteFideId "3902480"]
[BlackFideId "2300010"]
[WhiteElo "2448"]
[BlackElo "2652"]
[Result "0-1"]
[Round "08"]
[TimeControl "180+1"]
[Date "2022.05.25"]
[WhiteClock "0:00:04"]
[BlackClock "0:01:41"]

1. c4 Nf6 2. Nc3 e5 3. Nf3 Nc6 4. e4 Bb4 5. d3 d6 6. a3 Bc5 7. b4 Bd4 8. Nxd4 Nxd4 9. Be3 c5 10. Bxd4 cxd4 11. Ne2 Bd7 12. Ng3 O-O 13. Be2 b5 14. cxb5 Bxb5 15. O-O Bd7 16. a4 Rb8 17. Qd2 Qb6 18. Rfb1 Rfc8 19. Bd1 Rc3 20. Ne2 Rc7 21. b5 d5 22. f3 dxe4 23. fxe4 Qd6 24. Bb3 Ng4 25. h3 Ne3 26. Ng3 Be6 27. Nf1 Bxb3 28. Rxb3 Rc2 29. Qb4 Rxg2+ 30. Kh1 Qh6 0-1


[Site "https://www.chess.com"]

[Event "Titled Tuesday Blitz May 24 Late 2022"]
[White "Vujic, Mihailo"]
[Black "Hasangatin, Ramil"]
[WhiteFideId "918873"]
[BlackFideId "4122160"]
[WhiteElo "2256"]
[BlackElo "2399"]
[Result "0-1"]
[Round "08"]
[TimeControl "180+1"]
[Date "2022.05.24"]
[WhiteClock "0:00:13"]
[BlackClock "0:01:29"]

1. e4 d5 2. exd5 Qxd5 3. Nf3 Bg4 4. Be2 Nc6 5. d4 O-O-O 6. Be3 e5 7. c4 Qa5+ 8. Bd2 Bb4 9. d5 Bxf3 10. Bxf3 Nd4 11. Nc3 Qa6 12. b3 Qa5 13. Rc1 f5 14. O-O Nf6 15. a4 Rhe8 16. g3 Kb8 17. Bg2 e4 18. Nb1 Bxd2 19. Nxd2 c5 20. Nb1 Ng4 21. h3 Ne5 22. Nc3 Nd3 23. Nb5 Nxc1 24. Nxd4 cxd4 25. Qxc1 e3 26. fxe3 dxe3 27. Kh2 e2 28. Re1 Re3 29. Qxe3 Qxe1 30. Qe5+ Ka8 31. d6 Qf2 32. Qe7 Rb8 33. d7 e1=Q 34. d8=Q Qxg3# 0-1


[Site "https://www.chess.com"]

[Event "Titled Tuesday Blitz May 24 Late 2022"]
[White "Winkels, Marcel"]
[Black "Sarkar, Justin"]
[WhiteFideId "1003887"]
[BlackFideId "2010011"]
[WhiteElo "1900"]
[BlackElo "2020"]
[Result "1-0"]
[Round "08"]
[TimeControl "180+1"]
[Date "2022.05.25"]
[WhiteClock "0:00:22"]
[BlackClock "0:00:01"]

1. e4 c5 2. Nc3 Nc6 3. Bb5 Nd4 4. Nf3 Nf6 5. e5 Nxb5 6. Nxb5 Nd5 7. c4 Nc7 8. Nc3 d6 9. d4 dxe5 10. dxe5 Qxd1+ 11. Nxd1 Bg4 12. Be3 Ne6 13. Nc3 Bxf3 14. gxf3 O-O-O 15. O-O g6 16. f4 h5 17. Nd5 b6 18. a3 Nc7 19. Rfd1 e6 20. Nf6 Be7 21. Ne4 Rxd1+ 22. Rxd1 Rd8 23. Rxd8+ Kxd8 24. Kf1 Kd7 25. Ke2 Ne8 26. Kd3 Ng7 27. h3 Nf5 28. Nc3 Kc6 29. Nb5 a6 30. Nc3 b5 31. b3 Bf8 32. Ne4 Be7 33. Nc3 Bf8 34. Bd2 Be7 35. Ne4 Nh4 36. a4 b4 37. Be3 Nf5 38. Ng3 Nxg3 39. fxg3 Bf8 40. Ke4 Be7 41. g4 hxg4 42. hxg4 Bd8 43. f5 gxf5+ 44. gxf5 Be7 45. fxe6 fxe6 46. Kf3 Kd7 47. Kg4 Ke8 48. Bg5 Bf8 49. Bf6 Kf7 50. Kh5 1-0


[Site "https://www.chess.com"]

[Event "Titled Tuesday Blitz May 24 Late 2022"]
[White "Yanayt, Eugene"]
[Black "Barria Zuniga, Daniel"]
[WhiteFideId "2020165"]
[BlackFideId "3400816"]
[WhiteElo "2406"]
[BlackElo "2661"]
[Result "0-1"]
[Round "08"]
[TimeControl "180+1"]
[Date "2022.05.25"]
[WhiteClock "0:00:14"]
[BlackClock "0:00:19"]

1. e4 e6 2. d4 d5 3. Nc3 Bb4 4. e5 Ne7 5. Qg4 c5 6. Ne2 cxd4 7. Nxd4 Qc7 8. Nb5 Qxe5+ 9. Be2 Nbc6 10. Bf4 Qf6 11. Bg5 Qe5 12. Bf4 Qf6 13. Nc7+ Kd8 14. Nxa8 e5 15. Qg5 Qxf4 16. Qxf4 exf4 17. O-O-O Bxc3 18. bxc3 Be6 19. Bf3 Kd7 20. Bxd5 Bxd5 21. c4 Rxa8 22. cxd5 Ne5 23. Rhe1 f6 24. h4 Rc8 25. Re4 f3 26. g4 h5 27. g5 N7g6 28. gxf6 gxf6 29. Rg1 Rc5 30. Rd4 Kd6 31. Kb2 Rxd5 32. Rxd5+ Kxd5 33. Rd1+ Ke6 34. Rd8 Nxh4 35. Rh8 Nhg6 36. Rxh5 Ng4 37. Rb5 b6 38. Rb3 N6e5 39. Kc1 Nxf2 40. Kd2 Nfg4 41. Ke1 Kf5 42. Rb4 Ne3 43. Kf2 Nxc2 44. Ra4 a5 45. Rh4 Nb4 46. a3 Nbd3+ 47. Kf1 f2 48. Rh3 Ke4 49. Rh4+ Ke3 50. Rh3+ Nf3 51. a4 Ne5 52. Rg3 f5 53. Rh3 f4 54. Kg2 Ke2 55. Rh1 Nd2 56. Ra1 f1=Q+ 57. Rxf1 Nxf1 58. Kh1 Nc6 59. Kg2 Nd2 60. Kh3 Nc4 61. Kg4 Kd3 62. Kxf4 Kc3 63. Ke4 Kb4 64. Kd5 Kxa4 65. Kxc4 Ka3 66. Kc3 Ka4 67. Kc2 Na7 68. Kb2 Kb5 69. Kb3 Ka6 70. Kc3 b5 71. Kb3 Nc8 72. Kb2 Kb6 73. Kc2 Kc5 74. Kc3 b4+ 75. Kb3 Kb5 76. Kb2 a4 77. Ka2 Kc4 78. Kb2 a3+ 79. Kc1 b3 80. Kb1 Kc3 81. Ka1 b2+ 82. Ka2 Kc2 83. Kxa3 b1=Q 84. Ka4 Qb6 85. Ka3 Qb5 86. Ka2 Qa5# 0-1


[Site "https://www.chess.com"]

[Event "Titled Tuesday Blitz May 24 Late 2022"]
[White "Yang, Kaiqi"]
[Black "D`Arruda, Ricardo D."]
[WhiteFideId "8604398"]
[BlackFideId "100692"]
[WhiteElo "2373"]
[BlackElo "2506"]
[Result "1/2-1/2"]
[Round "08"]
[TimeControl "180+1"]
[Date "2022.05.24"]
[WhiteClock "0:00:06"]
[BlackClock "0:00:21"]

1. d4 Nf6 2. c4 e5 3. dxe5 Ne4 4. Nf3 Nc6 5. Nbd2 Nc5 6. Nb3 Nxb3 7. Qxb3 Bb4+ 8. Bd2 Bxd2+ 9. Nxd2 Nxe5 10. Qc3 Qe7 11. e3 O-O 12. Be2 d6 13. O-O Bd7 14. Rac1 b6 15. Nf3 Rfe8 16. Nxe5 dxe5 17. Bf3 c6 18. Rfd1 Red8 19. Rd2 Be8 20. Rcd1 Rxd2 21. Qxd2 f6 22. h4 h6 23. b4 Rc8 24. Bg4 Rb8 25. a3 Kf8 26. Bf5 Bf7 27. Qd3 Ke8 28. Bd7+ Kf8 29. Bxc6 Rc8 30. Bd5 Rd8 31. Qh7 Bxd5 32. cxd5 Kf7 33. h5 Qc7 34. Qg6+ Kf8 35. Qe4 Qd6 36. g4 Rc8 37. Rd2 b5 38. Kg2 Rc4 39. Qf5 Ke7 40. Qg6 Kf8 41. Qf5 Ke7 42. Kh3 a6 43. f3 Kf8 44. e4 Ke7 45. Kg3 Rc3 46. Qh7 Kf7 47. Qg6+ Kf8 48. Qf5 Qb6 49. Rf2 Rc1 50. Kg2 Ke7 51. Qg6 Kf8 52. Qh7 Kf7 53. Qh8 Qc7 54. Qa8 Rc2 55. Rxc2 Qxc2+ 56. Kg3 Qc1 57. Qb7+ Kg8 58. d6 Qg1+ 59. Kh3 Qh1+ 60. Kg3 Qg1+ 61. Kh3 Qh1+ 62. Kg3 Qg1+ 1/2-1/2


[Site "https://www.chess.com"]

[Event "Titled Tuesday Blitz May 24 Late 2022"]
[White "Yuan, Qingyu"]
[Black "Wachinger, Nikolas"]
[WhiteFideId "8609772"]
[BlackFideId "12962791"]
[WhiteElo "2359"]
[BlackElo "2227"]
[Result "0-1"]
[Round "08"]
[TimeControl "180+1"]
[Date "2022.05.24"]
[WhiteClock "0:00:08"]
[BlackClock "0:00:08"]

1. e4 c5 2. Nf3 Nc6 3. Bc4 e6 4. O-O a6 5. d4 cxd4 6. Nxd4 Qc7 7. Nxc6 Qxc6 8. Qe2 Nf6 9. e5 Nd5 10. Rd1 Nb6 11. Bd3 d5 12. Qg4 Bd7 13. Bg5 Nc4 14. Bxc4 Qxc4 15. Qxc4 dxc4 16. Nd2 Rc8 17. Ne4 Bc6 18. Nd6+ Bxd6 19. Rxd6 h6 20. Bh4 g5 21. Bg3 Rd8 22. Rad1 Rxd6 23. Rxd6 Ke7 24. f3 Rc8 25. c3 Rd8 26. Rxd8 Kxd8 27. Kf2 Ke7 28. Ke3 Bd5 29. Kd4 b6 30. h3 Kd7 31. Bf2 Kc6 32. Be3 b5 33. h4 gxh4 34. Bxh6 h3 35. gxh3 Bxf3 36. Bf8 a5 37. h4 a4 38. Ke3 Bd1 39. Kf4 Kd5 40. a3 Be2 41. Bg7 Bd1 42. Kg5 Ke4 43. h5 Kd5 44. h6 Bc2 45. Kf6 Bg6 46. Ke7 Ke4 47. Kd6 Kd3 48. Kc5 Kc2 49. Kxb5 Kxb2 50. Kb4 Bh7 51. Bf8 Bd3 52. Be7 Kc2 53. Kc5 Kxc3 54. Bg5 Kb3 55. Bc1 Bh7 56. Kd4 c3 57. Ke3 Kc2 58. Kd4 Kxc1 59. Kxc3 Kb1 60. Kb4 Bc2 61. Kc3 Kc1 62. Kb4 Kb2 63. h7 Bxh7 64. Kxa4 Bd3 65. Kb4 Kc2 66. a4 Kd2 67. Kc5 Ke3 68. Kd6 Ke4 69. a5 Kd4 70. Ke7 Kxe5 71. a6 Bxa6 72. Kxf7 Kf5 73. Ke7 e5 74. Kd6 e4 75. Kc5 e3 76. Kd4 e2 77. Kc3 e1=Q+ 78. Kc2 Qe3 79. Kb2 Bc4 80. Kc2 Qd3+ 81. Kc1 Qc3+ 82. Kd1 Qb2 83. Ke1 Qe2# 0-1


[Site "https://www.chess.com"]

[Event "Titled Tuesday Blitz May 24 Late 2022"]
[White "Yurovskykh, Oleksandr"]
[Black "Sibilio, Mario"]
[WhiteFideId "14134020"]
[BlackFideId "800422"]
[WhiteElo "2292"]
[BlackElo "2296"]
[Result "1-0"]
[Round "08"]
[TimeControl "180+1"]
[Date "2022.05.25"]
[WhiteClock "0:00:44"]
[BlackClock "0:00:01"]

1. d4 d6 2. c4 g6 3. e4 Bg7 4. Nc3 Nc6 5. Be3 e5 6. d5 Nce7 7. h4 Nf6 8. Be2 c5 9. h5 Nxh5 10. Bxh5 gxh5 11. Qxh5 Ng6 12. Nge2 Bd7 13. Ng3 Nf4 14. Bxf4 exf4 15. Nf5 Bxf5 16. Qxf5 Qf6 17. Rxh7 Rxh7 18. Qxh7 Ke7 19. O-O-O Rh8 20. Qf5 Qxf5 21. exf5 Bxc3 22. bxc3 Rh2 23. Rg1 Kf6 24. Kd2 f3 25. gxf3 Rxf2+ 26. Ke3 Rxa2 27. Rg8 Rc2 28. Kd3 Rf2 29. Ke4 Re2+ 30. Kf4 Re5 31. Rd8 Rxf5+ 32. Ke4 Re5+ 33. Kd3 Ke7 34. Rb8 b6 35. Rb7+ Ke8 36. Rxa7 b5 37. cxb5 Rxd5+ 38. Kc4 1-0


[Site "https://www.chess.com"]

[Event "Titled Tuesday Blitz May 24 Late 2022"]
[White "Zamorano, Jorge"]
[Black "Yaksin, Oleg"]
[WhiteFideId "173770"]
[BlackFideId "24105880"]
[WhiteElo "2331"]
[BlackElo "2256"]
[Result "1-0"]
[Round "08"]
[TimeControl "180+1"]
[Date "2022.05.24"]
[WhiteClock "0:00:05"]
[BlackClock "0:00:08"]

1. d4 Nf6 2. c4 e6 3. Nf3 b6 4. g3 Bb7 5. Bg2 Be7 6. O-O O-O 7. d5 exd5 8. Nh4 c6 9. cxd5 Nxd5 10. Nf5 Bf6 11. e4 Nc7 12. Nd6 Ba6 13. Re1 Nb5 14. e5 Nxd6 15. Qxd6 Be7 16. Qd4 Bb7 17. Qg4 Re8 18. Nc3 d5 19. exd6 Qxd6 20. Bf4 Qg6 21. Qxg6 hxg6 22. Rad1 Bc8 23. Bxb8 Rxb8 24. Bxc6 Be6 25. Bxe8 Rxe8 26. Nd5 Bf6 27. Nc7 Rc8 28. Nxe6 fxe6 29. Rxe6 Bxb2 30. Rd7 Rc1+ 31. Kg2 Rc2 32. Rxa7 Bd4 33. Re8+ Kh7 34. Rf7 Rxa2 35. h4 Rb2 36. g4 b5 37. g5 Bc5 38. Rc8 Bb4 39. Rb8 Bd6 40. Rbb7 Be5 41. Rbe7 Bd4 42. Re8 Bc5 43. Rc8 Bb4 44. Rc6 Rd2 45. Rb6 Rd4 46. f4 Rd2+ 47. Kf3 Rd3+ 48. Kg4 Rd5 49. Rbb7 Bc3 50. Rbc7 b4 51. Rc8 Rf5 52. Rxf5 gxf5+ 53. Kxf5 g6+ 54. Ke6 Bg7 55. Rb8 Bc3 56. Rb7+ Kg8 57. f5 gxf5 58. Kxf5 Kf8 59. h5 Kg8 60. h6 Kh8 61. Kg6 Be5 62. Re7 Bd6 63. Re8+ Bf8 64. Rxf8# 1-0


[Site "https://www.chess.com"]

[Event "Titled Tuesday Blitz May 24 Late 2022"]
[White "Adewumi, Tanitoluwa"]
[Black "Levine, David"]
[WhiteFideId "30966396"]
[BlackFideId "2011611"]
[WhiteElo "2514"]
[BlackElo "2152"]
[Result "1-0"]
[Round "09"]
[TimeControl "180+1"]
[Date "2022.05.25"]
[WhiteClock "0:01:23"]
[BlackClock "0:00:01"]

1. e4 e5 2. Bc4 Nf6 3. Nc3 Nxe4 4. Qh5 Nd6 5. Bb3 Be7 6. Nf3 Nc6 7. Nxe5 Nxe5 8. Qxe5 O-O 9. O-O Bf6 10. Qf4 Ne8 11. d4 c6 12. d5 d6 13. Be3 c5 14. Rae1 g6 15. Bc1 Bg7 16. Ne4 a6 17. c3 b5 18. Bc2 Bf5 19. Qg3 Bxe4 20. Bxe4 Nf6 21. Bf3 b4 22. Bf4 Ne8 23. cxb4 cxb4 24. b3 a5 25. Be2 Qb6 26. Bc4 a4 27. bxa4 Rxa4 28. Bb3 Ra5 29. Rc1 Bc3 30. Rxc3 bxc3 31. Qxc3 Qc5 32. Qb2 Qa3 33. Qa1 f6 34. Qe1 Ra7 35. Qe6+ Rff7 36. Qxe8+ Kg7 37. h4 Rfe7 38. Qd8 Rad7 39. Qc8 Qa7 40. h5 1-0


[Site "https://www.chess.com"]